 Dungeon Crawl Stone Soup version 0.31-a0-102-g33a4ccc0cb (webtiles) character file.

Game seed: 11664419321787416323

88 voltaire321 the Chiller (level 4, -2/33 HPs)
             Began as a Merfolk Ice Elementalist on May 26, 2023.
             Slain by Robin
             ... wielding a +0 spear
              (5 damage)
             ... on level 2 of the Dungeon.
             The game lasted 00:05:28 (2031 turns).

voltaire321 the Chiller (Merfolk Ice Elementalist)  Turns: 2031, Time: 00:05:28

Health: -2/33      AC:  2    Str: 10    XL:     4   Next: 54%
Magic:  3/7        EV: 13    Int: 14    God:
Gold:   33         SH:  0    Dex: 14    Spells: 4/8 levels left

rFire   . . .        g - +0 short sword
rCold   . . .        (no shield)
rNeg    . . .        a - +0 robe
rPois   .            (no helmet)
rElec   .            (no cloak)
rCorr   +            (no gloves)
SInv    .            (no boots)
Will    .....        (no amulet)
Stlth   ++           f - ring of resist corrosion
HPRegen 0.25/turn    (no ring)
MPRegen 0.10/turn

%: no passive effects
@: no status effects
A: (nimble swimmer 2), mertail
a: no special abilities


You were on level 2 of the Dungeon.
You visited 1 branch of the dungeon, and saw 2 of its levels.

You collected 33 gold pieces.

Inventory:

Hand Weapons
 g - a +0 short sword (weapon)
Armour
 a - a +0 robe (worn)
Jewellery
 f - a ring of resist corrosion (left hand)
Scrolls
 c - a scroll of teleportation {unknown}
 e - a scroll of fear {unknown}
 h - a scroll of amnesia {unknown}
 k - a scroll of identify
Potions
 b - a potion of magic
 d - a potion of enlightenment
 i - a potion of curing
 j - a potion of lignification {unknown}


   Skills:
 + Level 1.7 Fighting
 + Level 1.1 Armour
 + Level 3.6 Dodging
 - Level 2.1 Stealth
 + Level 2.5 Spellcasting
 + Level 4.8 Ice Magic


You had 4 spell levels left.
You knew the following spells:

 Your Spells              Type           Power      Damage    Failure   Level
a - Freeze                Ice            60%        1d7       3%          1
b - Frozen Ramparts       Ice            30%        1d5       9%          3

Your spell library contained the following spells:

 Spells                   Type           Power      Damage    Failure   Level
 Ozocubu's Armour         Ice            15%        N/A       9%          3
 Summon Ice Beast         Ice/Summ       7%         N/A       67%         4


Dungeon Overview and Level Annotations

Branches:
Dungeon (2/15)

Altars:

Annotations:
D:2 Robin


Innate Abilities, Weirdness & Mutations

((You are very nimble when in or above water. (Stealth+, EV+, Speed+++)))
Your lower body shifts to a powerful aquatic tail in water.


Message History

You freeze the gnoll.
The gnoll is heavily wounded.
The gnoll hits you with a +0 whip. The gnoll attacks as you move away!
The gnoll hits you with a +0 club. The gnoll attacks as you move away!
The gnoll hits you with a +0 whip.
The kobold throws a stone.
The stone misses you.
Robin shouts!
You hear a shout! x3
Robin roars a battlecry!
You hear a shout! x2
The gnoll attacks as you move away! The gnoll closely misses you.
Robin hits you from afar with a +0 spear.
A goblin comes into view. It is wielding a +0 dagger.
The gnoll attacks as you move away! The gnoll hits you with a +0 flail!
A hobgoblin comes into view.
The gnoll barely misses you. Robin completely misses you.
The gnoll closely misses you.
Aiming: Freeze (safe; 3% risk of failure)
Press: ? - help, Q - select action Shift-Dir - straight line, f - gnoll
Aim: a gnoll, wielding a +0 flail You freeze the gnoll.
The gnoll is lightly wounded.
The hobgoblin shouts!
Robin closely misses you. The gnoll completely misses you.
Aiming: Freeze (safe; 3% risk of failure)
Press: ? - help, Q - select action Shift-Dir - straight line, f/p - gnoll
Aim: a gnoll, wielding a +0 flail (lightly wounded)
You freeze the gnoll.
The gnoll is moderately wounded.
Robin hits you but does no damage. The gnoll hits you with a +0 flail!
* * * LOW HITPOINT WARNING * * *
The goblin barely misses you.
It was a potion of curing.
You feel better.
Robin hits you from afar with a +0 spear.
* * * LOW HITPOINT WARNING * * *
The gnoll misses you. The goblin hits you but does no damage.
As you read the scroll labelled XIGUIKHAFYDGH, it crumbles to dust.
It is a scroll of identify.
d - a potion of enlightenment Robin hits you from afar with a +0 spear.
You die...

...P...P. #.....# ....g....
#.#.#.# ...#..... #...?.#
#....... #.....# ##.....#..
#.#.#.# ........... #.....#
............ #.....#
.<.....#.....#####.#.#.#
.......#...wgggg@#.....#
............g##g##.....#
...........####g.#g#K#.#
............##>gg#g....# #
.................#.....####.#
................g...........###
.................<...#####....#
...............................
...........................#


You could see a worm, Robin, 2 gnolls, a hobgoblin and 4 goblins.

Vanquished Creatures
  An adder (D:2)
  3 gnolls (D:2)
  A worm (D:2)
  4 dart slugs
  4 endoplasms
  A giant cockroach (D:2)
  8 goblins
  2 hobgoblins (D:1)
  3 jackals (D:1)
  A quokka (D:1)
  2 ball pythons
  4 bats
  A frilled lizard (D:2)
  A kobold (D:2)
  3 rats
39 creatures vanquished.

Notes
Turn   | Place    | Note
-------+----------+-------------------------------------------
     0 | D:1      | voltaire321 the Merfolk Ice Elementalist began the quest
                  | for the Orb.
     0 | D:1      | Reached XP level 1. HP: 13/13 MP: 3/3
   172 | D:1      | Found a faded altar of an unknown god.
   494 | D:1      | Reached XP level 2. HP: 20/20 MP: 0/5
   938 | D:1      | Reached skill level 1 in Fighting
  1033 | D:1      | Reached XP level 3. HP: 23/26 MP: 4/6
  1199 | D:1      | Learned a level 3 spell: Frozen Ramparts
  1433 | D:2      | Noticed Robin
  1587 | D:2      | Reached skill level 1 in Armour
  1587 | D:2      | Reached XP level 4. HP: 8/32 MP: 2/7
  2031 | D:2      | Slain by Robin

Illustrated notes

Levels and vault maps discovered:
D:1:      roderic_chinese_lattice_arrival, layout_loops_corners,
          shapermc_ecumenical_altar_totnotflames, minmay_box_of_dots
D:2:      layout_rooms, columned_hall_lemuel, nicolae_grassy_gnolls,
          uniq_natasha, uniq_robin

Skill      XL: |  1  2  3 |
---------------+----------+-----
Dodging        | 3 |  3.6
Fighting       | 1 |  1.7
Armour         | 1 |  1.1
Stealth        | |  2.1
Spellcasting   | |  2.5
Ice Magic      | |  4.8

Action                     |  1- 3 |  4- 6 || total
---------------------------+-------+-------++-------
  Melee: Mace              |     7 |       ||     7
         Short sword       |    35 |    10 ||    45
         Punch             |     1 |       ||     1
   Cast: Freeze            |    40 |    19 ||    59
    Use: Scroll            |       |     1 ||     1
         Potion            |       |     1 ||     1
   Stab: Sleeping          |     3 |       ||     3
 Armour: Robe              |     5 |     6 ||    11
  Dodge: Dodged            |    53 |    29 ||    82

Table legend: (Time is in decaauts)
 A = Elapsed time spent in this place.
 B = Non-inter-level travel time spent in this place.
 C = Inter-level travel time spent in this place.
 D = Time resting spent in this place.
 E = Time spent auto-exploring this place.
 F = Levels seen in this place.
 G = Mean time per level.
                   A        B        C        D        E       F      G
               +--------+--------+--------+--------+--------+-----+--------+
         Total |   2033 |   1963 |     70 |    516 |    968 |   2 | 1016.5 |
       Dungeon |   2033 |   1963 |     70 |    516 |    968 |   2 | 1016.5 |
               +--------+--------+--------+--------+--------+-----+--------+

Top non-repeatable levels by time:
     D:1: 1319 daAuts
     D:2: 714 daAuts
